 Dungeon Crawl Stone Soup version 0.24-a0-375-g4de66ed42b (webtiles) character file.

Game seed: 8224049426956603329

571 Gargoyl the Chopper (level 7, -5/58 HPs)
             Began as a Centaur Abyssal Knight on May 31, 2019.
             Was a Priest of Lugonu.
             Slain by Menkaure (8 damage)
             ... on level 4 of the Dungeon.
             The game lasted 00:07:10 (4924 turns).

Gargoyl the Chopper (Centaur Abyssal Knight)        Turns: 4924, Time: 00:07:11

Health: -5/58      AC: 11    Str: 19    XL:     7   Next: 11%
Magic:  18/18      EV:  3    Int: 11    God:    Lugonu [***...]
Gold:   176        SH:  3    Dex: 11    Spells: 6/6 levels left

rFire    . . .     SeeInvis .   a - +2 hand axe
rCold    . . .     Gourm    .   o - +0 buckler
rNeg     . . .     Faith    .   b - +0 plate armour
rPois    +         Spirit   .   e - +2 hat
rElec    .         Reflect  .   (no cloak)
rCorr    .         Harm     .   (no gloves)
MR       .....     Rnd*Rage +   (no barding)
Stlth    ..........             (no amulet)
HPRegen  0.19/turn              d - ring of magical power
MPRegen  0.16/turn              (no ring)

@: mighty, very quick
A: large, hooves 3, berserk 1, deformed body, speed 2, poison resistance, tough
skin 3
a: Depart the Abyss, Bend Space, Banish, Renounce Religion


You were on level 4 of the Dungeon.
You worshipped Lugonu.
Lugonu was most pleased with you.
You were not hungry.

You visited 1 branch of the dungeon, and saw 5 of its levels.
You visited the Abyss 1 time.

You collected 176 gold pieces.

Inventory:

Hand Weapons
 a - a +2 hand axe (weapon)
Armour
 b - a +0 plate armour (worn)
 e - a +2 hat (worn)
 o - a +0 buckler (worn)
Jewellery
 d - a ring of magical power (left hand)
Scrolls
 h - 2 scrolls of identify
 k - 2 scrolls of teleportation
 l - a scroll of magic mapping
Potions
 f - a potion of mutation
Comestibles
 c - 4 rations


   Skills:
 + Level 3.7 Fighting
 + Level 3.9 Axes
 * Level 3.5 Armour
 + Level 2.0 Dodging
 * Level 0.6 Shields
 * Level 3.7 Invocations


You had 6 spell levels left.
You didn't know any spells.
Your spell library contained the following spells:

 Spells                   Type           Power        Failure   Level  Hunger
 Confusing Touch          Hex            #.....       100%        1    ##.....
 Confuse                  Hex            #.......     100%        3    ####...
 Gell's Gravitas          Tloc           #.........   100%        3    ####...
 Petrify                  Tmut/Erth      #.......     100%        4    #####..
 Metabolic Englaciation   Hex/Ice        #.........   100%        5    ######.
 Yara's Violent Unravell  Hex/Tmut       #.........   100%        5    ######.


Dungeon Overview and Level Annotations

Branches:
Dungeon (5/15)             Temple (0/1) D:4

Altars:
Gozag

Shops:
D:4 =

Annotations:
D:4 Menkaure


Innate Abilities, Weirdness & Mutations

You have hooves in place of feet.
Armour fits poorly on your strangely shaped body.
You cover ground very quickly.
You have extremely tough skin. (AC +3)
You tend to lose your temper in combat.
Your system is resistant to poisons. (rPois)


Message History

Menkaure, Prince of Dust comes into view.
Menkaure shouts!
Menkaure calls on the powers of darkness!
Your body is wracked with pain!
Menkaure calls on the powers of darkness!
Your body is wracked with pain!
* * * LOW HITPOINT WARNING * * *
You feel very mighty all of a sudden.
You slash Menkaure!
Menkaure is moderately damaged.
Menkaure barely misses you.
You hit Menkaure.
Menkaure is heavily damaged.
Menkaure casts a spell at you. Pain shoots through your body!
* * * LOW HITPOINT WARNING * * *
You slash Menkaure! Your kick misses Menkaure.
Menkaure is severely damaged.
Menkaure hits you!
You die...

###########
#....M@...#
#.#######.# #.#
#.#### #.# #....# #
#.# ####.##..# .#
#.####........# .#
#####.#....#.#.#..#
..
#.......#.........#
..
#.#.#.#.##.#.#.#.##


You could see Menkaure.

Vanquished Creatures
  A hippogriff (D:3)
  An ogre (D:4)
  Blork the orc (D:4)
  2 orc priests
  A hound skeleton (D:4)
  5 adders
  An adder zombie (D:4)
  2 worms
  3 dart slugs
  2 leopard geckos
  10 orcs
  3 giant cockroaches
  3 goblins
  12 hobgoblins
  14 jackals
  5 kobolds
  A quokka (D:4)
  5 ball pythons
  6 bats
  3 frilled lizards
  5 rats
86 creatures vanquished.

Notes
Turn   | Place    | Note
-------+----------+-------------------------------------------
     0 | Abyss:1  | Gargoyl the Centaur Abyssal Knight began the quest for the
                  | Orb.
     0 | Abyss:1  | Reached XP level 1. HP: 19/19 MP: 2/2
    52 | Abyss:1  | Noticed a large abomination
    67 | Abyss:1  | Noticed a blink frog
    95 | Abyss:1  | Noticed a large abomination
   101 | Abyss:1  | Noticed a cacodemon
   110 | Abyss:2  | Gained mutation: You tend to lose your temper in combat.
                  | [potion of mutation]
   110 | Abyss:2  | Gained mutation: Your system is resistant to poisons.
                  | (rPois) [potion of mutation]
   149 | Abyss:2  | Noticed a hell hound
   150 | Abyss:2  | Noticed a hell hound
   151 | D:1      | Escaped the Abyss
   387 | D:1      | Reached * piety under Lugonu
   453 | D:1      | Reached XP level 2. HP: 26/26 MP: 3/3
   892 | D:1      | Reached skill level 1 in Dodging
  1076 | D:2      | Reached XP level 3. HP: 23/31 MP: 4/4
  1768 | D:2      | Reached ** piety under Lugonu
  1777 | D:2      | Reached XP level 4. HP: 22/38 MP: 5/5
  2765 | D:3      | Noticed a hippogriff
  2789 | D:3      | Killed a hippogriff
  2789 | D:3      | Reached XP level 5. HP: 45/45 MP: 7/7
  2789 | D:3      | Reached XP level 6. HP: 51/51 MP: 8/8
  3643 | D:4      | Found a staircase to the Ecumenical Temple.
  3951 | D:4      | HP: 1/51 [orc priest/divine providence (10)]
  4152 | D:4      | Reached *** piety under Lugonu
  4198 | D:4      | Found an opulent altar of Gozag.
  4274 | D:4      | Noticed Blork the orc
  4288 | D:4      | Killed Blork the orc
  4433 | D:4      | Found Narchiss's Jewellery Shop.
  4495 | D:5      | Entered Level 5 of the Dungeon
  4706 | D:4      | Reached XP level 7. HP: 28/58 MP: 9/9
  4917 | D:4      | Noticed Menkaure
  4923 | D:4      | HP: 2/58 [Menkaure/nerve-wracking pain (14)]
  4924 | D:4      | Slain by Menkaure

Levels and vault maps discovered:
D:1:      lightli_arrival_statuegarden, layout_loops_corners
D:2:      minmay_alternating_diamond, layout_basic
D:3:      layout_basic, skrybe_limestone_x
D:4:      layout_loops_ring, kennysheep_little_box, temple_fountains,
          first_ration, serial_glass, glass_columns_a, glass_columns_a,
          glass_columns_c, glass_columns_a, glass_columns_b, glass_columns_c,
          glass_columns_c, glass_columns_c, glass_columns_a, glass_columns_b,
          glass_columns_c, glass_columns_a, glass_columns_b, glass_columns_a,
          due_unseen_surprise, item_on_display_a, serial_shops,
          nicolae_shop_trees, uniq_menkaure, uniq_blork_the_orc
D:5:      layout_loops_corners, overflow_temple_1_default, uniq_ijyb

Skill      XL: |  1  2  3  4  5  6 |
---------------+-------------------+-----
Axes           | 2 3 |  3.9
Dodging        | 1 2 |  2.0
Armour         | 2 3 |  3.5
Invocations    | 3 |  3.7
Fighting       | |  3.7
Shields        | |  0.6

Action                   |  1- 3 |  4- 6 |  7- 9 || total
-------------------------+-------+-------+-------++-------
Melee: Hand axe          |   141 |   172 |     3 ||   316
       Kick              |    17 |    35 |       ||    52
Invok: Depart the Abyss  |     1 |       |       ||     1
  Use: Potion            |     3 |     5 |     1 ||     9
       Scroll            |     2 |     2 |       ||     4
  Eat: Chunk             |     2 |     7 |       ||     9
       Ration            |       |       |     1 ||     1
Armor: Ring mail         |    80 |    45 |       ||   125
       Skin              |       |    12 |       ||    12
       Plate armour      |       |    47 |       ||    47
       Chain mail        |       |     8 |       ||     8
Dodge: Dodged            |    69 |    33 |     1 ||   103
Block: Buckler           |       |    18 |       ||    18

Table legend:
 A = Non-vault XP
 B = Vault XP
 C = Vault XP percentage of total XP
 D = Non-vault monster count
 E = Vault monster count
 F = Vault count percentage of total count
                 A         B        C        D         E       F
            +---------+---------+-------+---------+---------+-------
      Total |     706 |     110 |  13.5 |      80 |       6 |   7.0
            +---------+---------+-------+---------+---------+-------
        D:1 |      33 |       0 |   0.0 |      17 |       0 |   0.0
        D:2 |      56 |      11 |  16.4 |      23 |       5 |  17.9
        D:3 |     403 |       0 |   0.0 |      28 |       0 |   0.0
        D:4 |     214 |      99 |  31.6 |      12 |       1 |   7.7
            +---------+---------+-------+---------+---------+-------
